 Dungeon Crawl Stone Soup version 0.30.0-10-gfe55d96785 (webtiles) character file.

Game seed: 2767017433194040587

1012 hawla the Carver (level 8, -13/85 HPs)
             Began as a Meteoran Fire Elementalist on May 14, 2023.
             Killed by divine providence
             ... invoked by an orc priest
              (16 damage)
             ... on level 5 of the Dungeon.
             The game lasted 00:07:15 (1557 turns).

hawla the Carver (Meteoran Fire Elementalist)       Turns: 1557, Time: 00:07:16

Health: -13/85     AC: 24    Str: 10    XL:     8   Next: 73%
Magic:  1/13       EV:  2    Int: 18    God:
Gold:   38         SH:  0    Dex: 17    Spells: 6/13 levels left

rFire   x . .        m - +8 long sword of Yptioss {vamp, rElec rF- rCorr Dex+2}
rCold   . . .        (no shield)
rNeg    . . .        a - melded +1 robe
rPois   +            (helmet currently unavailable)
rElec   +            (cloak currently unavailable)
rCorr   +            k - melded +0 pair of gloves
SInv    .            (boots currently unavailable)
Will    +....        (no amulet)
Stlth   +            (no ring)
HPRegen 0.34/turn    (no ring)
MPRegen 0.13/turn

%: no passive effects
@: tree-form, attractive, glowing
A: stationary, stasis, torment immunity, boosted hp, sense surroundings 1,
otherworldly, glowing, explore regen
a: no special abilities


You were on level 5 of the Dungeon.
You were a tree.
You visited 1 branch of the dungeon, and saw 6 of its levels.

You collected 38 gold pieces.

Inventory:

Hand Weapons
 m - the +8 long sword of Yptioss (weapon) {vamp, rElec rF- rCorr Dex+2}
   (You found it on level 4 of the Dungeon)

   Dex:       It affects your dexterity (+2).
   rF:        It makes you vulnerable to fire.
   rElec:     It insulates you from electricity.
   rCorr:     It protects you from acid and corrosion.
 p - a +2 long sword
Armour
 a - a +1 robe (melded)
 k - a +0 pair of gloves (melded)
Jewellery
 c - an amulet of the acrobat
 l - an amulet of regeneration
Wands
 i - a wand of light (14) (quivered)
Scrolls
 f - a scroll of poison
 h - a scroll of amnesia
 q - a scroll of teleportation
Potions
 s - a potion of attraction


   Skills:
 + Level 8.5 Long Blades
 - Level 2.8 Dodging
 - Level 1.4 Stealth
 - Level 3.2 Spellcasting
 - Level 4.7 Conjurations
 - Level 4.7 Fire Magic
 - Level 3.0 Evocations


You had 6 spell levels left.
You knew the following spells:

 Your Spells              Type           Power      Damage    Failure   Level
a - Foxfire               Conj/Fire      76%        2x1d7     2%          1
b - Scorch                Fire           40%        2d6       3%          2
c - Flame Wave            Conj/Fire      19%        2d7       22%         4

Your spell library contained the following spells:

 Spells                   Type           Power      Damage    Failure   Level
 Static Discharge         Conj/Air       22%        2-3/arc   10%         2
 Inner Flame              Hex/Fire       11%        N/A       19%         3
 Volatile Blastmotes      Fire/Tloc      22%        2d11      19%         3
 Airstrike                Air            1%         2d(1-17)  85%         4
 Summon Lightning Spire   Summ/Air       2%         N/A       85%         4


Dungeon Overview and Level Annotations

Branches:
Dungeon (6/15) Zot: 2038   Temple (0/1) D:5

Altars:
Qazlal

Shops:
D:4 (


Innate Abilities, Weirdness & Mutations

You are a tree.
Your roots penetrate the ground, keeping you stationary.
You cannot be teleported.
You are immune to unholy pain and torment.
Your maximum health is greatly increased.
Your equipment is partially melded.
You passively map a small area around you.
You are easily found by Zot.
You glow in the dark.
You regain HP and MP as you explore.


Message History

The foxfire hits the phantom.
The phantom is severely damaged.
The foxfire hits the phantom.
The phantom is almost destroyed.
The foxfire hits the phantom.
The phantom is almost destroyed.
The phantom hits you.
The phantom blinks!
You blink.
You barely miss the phantom.
You punch the phantom, but do no damage.
The phantom is almost destroyed.
The phantom misses you.
You hit the phantom.
You destroy the phantom!
Okay, then.
An orc comes into view. It is wielding a +0 club.
Casting: Foxfire (safe; 2% risk of failure)
Confirm with . or Enter, or press ? or * to list all spells.
You conjure some foxfire!
The foxfire hits the orc.
The orc is almost dead.
An orc comes into view.
It is wielding a +0 short sword and wearing a +0 leather armour of positive energy.
The foxfire hits the orc.
You kill the orc!
Unknown command.
The orc priest mumbles some strange prayers to Beogh against you.
Pain shoots through your body!
* * * LOW HITPOINT WARNING * * *
It was a potion of attraction.
You feel attractive to monsters.
The orc priest hits you with a +0 hand axe.
* * * LOW HITPOINT WARNING * * *
The orc hits you with a +0 short sword.
* * * LOW HITPOINT WARNING * * *
Really quaff the potion of lignification?
You turn into a tree.
Your +0 pair of gloves melds into your body.
Your +1 robe melds into your body.
Your roots penetrate the ground.
The orc priest invokes the aid of Beogh against you.
Beogh smites you!
You die...

,,,,,,,**,,,****,,,,,>**,********
***,,,*....,,**#..,<*,*,,,,,,,,,,
~~*,,.........##.#,,*,*,,********
~~*,,,....#...##.#,,*,,*** *
~~*****.......#..#,,,***~*** *
~~* *#.....##..#*,**~~~~~** ***
~~* #.....#...#***~~~~~~~***,,
~~*****#....#).oo# *~~,,,,~~~**,,
~~*,,,*#.....†..♣#**~,****~~~***,
~~***,*#.....)...##~~**,,**8,8,8,
~~*,,,*########...#~~*_,,,+,,,,,,
~~*,,>* #####...#~~**,,**8,8,8*
~~*,,,* #.......##~,****~~~****
***,,,* #........#~~,,,,~~~*
,*,,,** #....######~~~~~~~**
,*,,** #....# ##.##~~~~~**
,**,*** #....# #...#**~***


You could see an orc priest and an orc.

Vanquished Creatures
  An ice beast (D:5)
  A black bear (D:5)
  An ogre (D:5)
  2 centaurs
  A phantom (D:5)
  Blork the orc (D:5)
  3 scorpions
  3 hounds
  An orc priest (D:5)
  A sleepcap (D:5)
  2 iguanas (D:5)
  An orc wizard (D:5)
  3 adders
  2 ufetubi
  A dart slug (D:5)
  4 orcs
  2 ball pythons (D:4)
  2 endoplasms
  A giant cockroach (D:1)
  A goblin (D:4)
  A hobgoblin (D:4)
  3 training dummies (D:4)
  A bat (D:1)
  6 kobolds (D:4)
  A rat (D:1)
46 creatures vanquished.

Vanquished Creatures (others)
  88 foxfires
88 creatures vanquished.

Grand Total: 134 creatures vanquished

Notes
Turn   | Place    | Note
-------+----------+-------------------------------------------
     0 | D:1      | hawla the Meteoran Fire Elementalist began the quest for
                  | the Orb.
     0 | D:1      | Reached XP level 1. HP: 14/14 MP: 5/5
   102 | D:2      | Reached XP level 2. HP: 20/20 MP: 4/6
   105 | D:2      | Learned a level 2 spell: Scorch
   161 | D:4      | Noticed a hound
   164 | D:4      | Killed a hound
   165 | D:4      | Reached XP level 3. HP: 25/26 MP: 2/8
   168 | D:4      | Reached XP level 4. HP: 33/33 MP: 0/9
   177 | D:4      | Learned a level 4 spell: Flame Wave
   537 | D:4      | Noticed a centaur
   538 | D:4      | Identified the +8 long sword of Yptioss {vamp, rElec rF-
                  | rCorr Dex+2}
   547 | D:4      | Killed a centaur
   548 | D:4      | Reached skill level 1 in Long Blades
   548 | D:4      | Reached XP level 5. HP: 38/38 MP: 0/10
   744 | D:4      | Reached skill level 2 in Long Blades
   744 | D:4      | Reached XP level 6. HP: 41/45 MP: 3/11
   929 | D:4      | Found Qufrem's Firing Range.
  1243 | D:5      | Entered Level 5 of the Dungeon
  1244 | D:5      | Noticed an ice beast
  1249 | D:5      | Noticed Blork the orc
  1252 | D:5      | Killed an ice beast
  1253 | D:5      | Reached skill level 4 in Long Blades
  1253 | D:5      | Reached XP level 7. HP: 38/50 MP: 2/12
  1259 | D:5      | Killed Blork the orc
  1266 | D:5      | Reached skill level 5 in Long Blades
  1271 | D:5      | Found a stormy altar of Qazlal.
  1318 | D:5      | Reached skill level 1 in Evocations
  1438 | D:6      | Reached skill level 6 in Long Blades
  1438 | D:6      | Reached XP level 8. HP: 53/57 MP: 2/13
  1488 | D:5      | Reached skill level 7 in Long Blades
  1545 | D:5      | Reached skill level 8 in Long Blades
  1556 | D:5      | HP: 1/57 [orc/+0 short sword (4)]
  1557 | D:5      | Killed from afar by an orc priest

Illustrated notes

Levels and vault maps discovered:
D:1:      roderic_octagonal_star, layout_loops_cross
D:2:      layout_rooms, kennysheep_path_1, grunt_decor_junction,
          minmay_crystal_water
D:3:      layout_basic, serial_shops, shop, uniq_ijyb
D:4:      layout_layer_cave, moated_statue, minmay_misc_feat_secret_circle,
          nicolae_shop_firing_range
D:5:      layout_basic, nicolae_qazlal_general_emergency,
          kennysheep_orc_sif_temple, minmay_temple_entry_poolview,
          hangedman_decor_points, st_stairs_4, minmay_manual_moon,
          uniq_blork_the_orc
D:6:      layout_loops_ring, palyth_stone_intersect,
          amcnicky_altar_lugonu_corruption, uniq_crazy_yiuf_cottage,
          uniq_duvessa

Skill      XL: |  1  2  3  4  5  6  7  8 |
---------------+-------------------------+-----
Fire Magic     | 4 |  4.7
Spellcasting   | 3 |  3.2
Conjurations   | 4 |  4.7
Long Blades    | 1 2 4 6 8 |  8.5
Evocations     | 3 |  3.0
Dodging        | |  2.8
Stealth        | |  1.4

Action                     |  1- 3 |  4- 6 |  7- 9 || total
---------------------------+-------+-------+-------++-------
  Melee: Unarmed           |     4 |     9 |       ||    13
         Long sword        |       |     7 |    24 ||    31
         Punch             |       |     1 |     1 ||     2
   Cast: Foxfire           |    14 |    12 |    23 ||    49
         Scorch            |     1 |    10 |    12 ||    23
         Flame Wave        |       |     1 |     4 ||     5
    Use: Scroll            |       |       |    11 ||    11
         Potion            |       |       |     5 ||     5
 Armour: Robe              |     2 |     6 |    16 ||    24
         Skin              |       |       |    17 ||    17
  Dodge: Dodged            |     5 |    12 |    28 ||    45
